 Dungeon Crawl Stone Soup version 0.20-a0-1017-gc3250ce (webtiles) character file.

53289 George the Carver (level 14, -5/127 HPs)
             Began as a Minotaur Fighter on Apr 16, 2017.
             Was the Champion of Makhleb.
             Slain by an ettin
             ... wielding a +0 dire flail
              (12 damage)
             ... on level 2 of the Orcish Mines.
             The game lasted 00:39:44 (17567 turns).

George the Carver (Minotaur Fighter)               Turns: 17567, Time: 00:39:45

Health: -5/127     AC: 19    Str: 26    XL:     14   Next: 30%
Magic:  19/19      EV: 14    Int:  4    God:    Makhleb [******]
Gold:   1246       SH: 16    Dex: 13    Spells: 11/13 levels left

rFire    + . .     SeeInvis .   I - +4 scimitar (flame)
rCold    + . .     Gourm    .   c - +0 shield
rNeg     + + .     Faith    .   k - +1 chain mail {rF+}
rPois    +         Spirit   .   (helmet restricted)
rElec    .         Reflect  +   K - +2 ratskin cloak {+Rats rPois rN+ Str-1 Int-1 Dex+1}
rCorr    +         Harm     .   h - +1 pair of gloves {Str+3}
MR       ++...                  (no boots)
Stlth    ..........             B - +3 amulet of reflection
Regen    0.4/turn               V - ring of Amyj {rCorr rN+ MR+}
MPRegen  0.2/turn               F - ring of protection from cold

@: no status effects
A: retaliatory headbutt, horns 2
a: Minor Destruction, Lesser Servant of Makhleb, Major Destruction, Greater
Servant of Makhleb, Renounce Religion, Evoke Ratskin


You were on level 2 of the Orcish Mines.
You worshipped Makhleb.
Makhleb was exalted by your worship.
You were hungry.

You visited 4 branches of the dungeon, and saw 21 of its levels.

You collected 1866 gold pieces.
You spent 620 gold pieces at shops.

Inventory:

Hand Weapons
 I - a +4 scimitar of flaming (weapon)
Missiles
 r - 6 javelins (quivered)
 E - 8 javelins of penetration
Armour
 c - a +0 shield (worn)
 h - a +1 pair of gloves of strength (worn)
 k - a +1 chain mail of fire resistance (worn)
 K - the +2 ratskin cloak (worn) {+Rats rPois rN+ Str-1 Int-1 Dex+1}
   (You bought it in a shop on level 11 of the Dungeon)

   It affects your strength (-1).
   It affects your intelligence (-1).
   It affects your dexterity (+1).
   It protects you from poison.
   It protects you from negative energy.
 W - a scarf of repulsion
Jewellery
 B - a +3 amulet of reflection (around neck)
 F - a ring of protection from cold (right hand)
 P - an uncursed ring of protection from cold
 V - the ring of Amyj (left hand) {rCorr rN+ MR+}
   (You found it on level 6 of the Lair of Beasts)

   [ring of resist corrosion]

   It protects you from negative energy.
   It affects your resistance to hostile enchantments.
Wands
 e - a wand of digging (11/24)
 q - a wand of clouds (6/9)
 s - a wand of iceblast (9/15)
 z - a wand of iceblast (4/15)
 J - a wand of flame (15/48)
 M - a wand of confusion (21/48)
 N - a wand of confusion (30/48)
 O - a wand of acid (4/15)
 Q - a wand of lightning (5/15)
 T - a wand of confusion (16/48)
 U - a wand of iceblast (3/15)
Scrolls
 m - a scroll of magic mapping
 n - 4 scrolls of remove curse
 p - 3 scrolls of fog
 t - 5 scrolls of teleportation
 v - 2 scrolls of enchant armour
 w - 3 scrolls of amnesia {unknown}
 x - 3 scrolls of enchant weapon {unknown}
 y - 2 scrolls of blinking
 A - 5 scrolls of recharging
 D - 2 scrolls of fear {unknown}
 G - a scroll of brand weapon
 L - 2 scrolls of holy word {unknown}
Potions
 a - 3 potions of mutation
 b - a potion of flight
 d - 4 potions of might
 l - 5 potions of heal wounds
 o - 10 potions of curing
 u - 3 potions of haste
 C - a potion of agility
 R - 2 potions of cancellation
Miscellaneous
 X - a phial of floods
Comestibles
 f - 16 bread rations
 g - a chunk of flesh
 i - 9 meat rations
 j - 4 royal jellies
 H - 7 fruits


   Skills:
 + Level 12.3 Fighting
 + Level 14.9 Long Blades
 + Level 12.3 Armour
 + Level 11.0 Dodging
 + Level 12.4 Shields
 + Level 9.0 Invocations


You had 11 spell levels left.
You knew the following spells:

 Your Spells              Type           Power        Failure   Level  Hunger
a - Blink                 Tloc           N/A          100%        2    ###....


Dungeon Overview and Level Annotations

Branches:
Dungeon (12/15)            Temple (1/1) D:7            Lair (6/6) D:11
 Shoals (0/4) Lair:3       Spider (0/4) Lair:2        Slime (0/5) Lair:6
    Orc (2/2) D:10
    Elf: Orc:2

Altars:
Ashenzari
Cheibriados
Dithmenos
Elyvilon
Fedhas
Gozag
Hepliaklqana
Kikubaaqudgha
Makhleb
Nemelex Xobeh
Okawaru
Qazlal
Ru
Sif Muna
Trog
Uskayaw
Vehumet
Wu Jian
Xom
Yredelemnul
Zin
The Shining One

Shops:
D:9 !%=%   D:11 [   Orc:1 !*=*

Annotations:
D:12 dig


Innate Abilities, Weirdness & Mutations

You reflexively headbutt those who attack you in melee.
You have a pair of horns on your head.


Message History

You block the ettin's attack.
The ettin hits you with a dire flail of crushing!
The orc warrior hits you but does no damage.
You slash the ettin! You burn the ettin.
The ettin is moderately wounded.
You block the orc warrior's attack. The ettin hits you with a dire flail!!
The ettin barely misses you.
You are too injured to fight recklessly!
You are too injured to fight recklessly!
You are too injured to fight recklessly!
You are too injured to fight recklessly!
You hit the ettin. You burn the ettin. Your headbutt misses the ettin.
The ettin is heavily wounded.
You block the orc's attack. The orc warrior barely misses you.
You slash the ettin! You burn the ettin.
The ettin is severely wounded.
You block the orc warrior's attack. The ettin hits you with a dire flail!
The ettin hits you with a dire flail of crushing!!!
* * * LOW HITPOINT WARNING * * *
You die...

######..............
##..#.#..............
#........#...........
##....#.#.....#.....
##.#.######..........
#....## #......... #
##....### #..o..##.#
# ####....# ##Coo.# .
####......## ##@o##
.##........# #.)##
.............#####
.##..........#.
.#.............
.......##......
...............
.......#.......
.......##.....#


You could see an ettin, 2 orc warriors, an orc priest and an orc.

Vanquished Creatures
  The ghost of zkyp the Fighter, a journeyman GnFi of Cheibriados (Lair:1)
  A dire elephant (Lair:6)
  The ghost of Kokiki the Blocker, a journeyman GrFi of Qazlal (D:12)
  Snorg (Lair:3)
  Fannar (D:11)
  A centaur warrior (D:12)
  3 hydras
  Erica (D:11)
  A catoblepas (Lair:6)
  4 two-headed ogres
  A deep troll shaman (Lair:6)
  4 death yaks (Lair:6)
  A queen ant (Lair:2)
  An unseen horror (D:11)
  4 lindwurms (Lair:6)
  An orc knight (Orc:1)
  The ghost of Soeti the Chopper, a novice FoFi (D:5)
  An orc sorcerer (Orc:1)
  An ugly thing (D:12)
  4 elephants (Lair:6)
  2 centaur zombies
  4 black mambas
  8 spiny frogs
  3 torpor snails (Lair:1)
  6 komodo dragons
  2 rime drakes (Lair:2)
  A kobold demonologist (D:12)
  5 trolls
  Prince Ribbit (D:9)
  A polar bear (Lair:6)
  A jumping spider (Lair:2)
  7 hippogriffs
  8 slime creatures
  3 blink frogs (Lair:4)
  A shadow (D:12)
  3 redbacks (Lair:2)
  A spriggan (D:9)
  4 wyverns
  2 basilisks
  28 yaks
  2 hungry ghosts
  Grum (D:8)
  A warg (Orc:1)
  15 soldier ants (Lair:2)
  12 water moccasins
  2 hell hounds (D:11)
  2 porcupines
  9 orc warriors
  2 ice beasts (D:12)
  4 sky beasts
  A phantom (D:5)
  20 ogres
  7 crocodiles
  20 wolves
  11 centaurs
  10 bullfrogs
  11 big kobolds
  5 gnoll sergeants
  2 wyvern zombies
  3 scorpions
  A water moccasin skeleton (D:9)
  15 killer bees
  10 wights
  4 howler monkeys
  6 crimson imps
  2 bullfrog zombies
  4 hounds
  5 jellies
  8 orc priests
  A bullfrog skeleton (D:10)
  16 orc wizards
  2 iguanas (D:11)
  41 worker ants
  A killer bee zombie (D:10)
  A hound zombie (D:5)
  A hound skeleton (D:7)
  A howler monkey zombie (D:8)
  11 gnolls
  11 adders
  2 shadow imps
  An ooze (D:4)
  2 adder skeletons (D:9)
  An adder zombie (D:9)
  4 worms
  A dart slug (D:2)
  4 leopard geckos
  45 orcs
  A ball python (D:3)
  8 bats
  7 giant cockroaches
  10 goblins
  9 hobgoblins
  7 jackals
  3 quokkas
  4 frilled lizards
  19 kobolds
  2 quokka skeletons (D:9)
  13 rats
549 creatures vanquished.

Vanquished Creatures (others)
  An orc (Orc:1)
  A kobold (D:9)
  3 fungi
  2 plants (Lair:6)
7 creatures vanquished.

Grand Total: 556 creatures vanquished

Notes
Turn   | Place    | Note
-------+----------+-------------------------------------------
     0 | D:1      | George the Minotaur Fighter began the quest for the Orb.
     0 | D:1      | Reached XP level 1. HP: 19/19 MP: 0/0
   145 | D:1      | Reached XP level 2. HP: 27/27 MP: 1/1
   647 | D:1      | Reached skill level 3 in Long Blades
   809 | D:2      | Reached XP level 3. HP: 33/33 MP: 2/2
   891 | D:2      | Reached skill level 1 in Dodging
  1075 | D:2      | Reached XP level 4. HP: 40/40 MP: 3/3
  2425 | D:4      | Noticed an ogre
  2436 | D:3      | Killed an ogre
  2436 | D:3      | Reached skill level 4 in Long Blades
  2436 | D:3      | Reached XP level 5. HP: 15/47 MP: 4/4
  2692 | D:4      | Noticed an ogre
  2699 | D:4      | Killed an ogre
  2699 | D:4      | Reached XP level 6. HP: 36/53 MP: 5/5
  2916 | D:4      | Reached skill level 5 in Long Blades
  2916 | D:4      | Reached skill level 5 in Shields
  2948 | D:4      | Reached skill level 5 in Fighting
  3160 | D:5      | Entered Level 5 of the Dungeon
  3164 | D:5      | Noticed Soeti's ghost (novice FoFi)
  3516 | D:5      | Reached XP level 7. HP: 61/61 MP: 6/6
  3742 | D:5      | Reached skill level 6 in Long Blades
  3742 | D:5      | Reached skill level 5 in Armour
  4188 | D:5      | Reached XP level 8. HP: 35/69 MP: 7/7
  4403 | D:5      | Killed Soeti's ghost
  4403 | D:5      | Reached skill level 7 in Long Blades
  4625 | D:6      | Noticed a moth of wrath
  4627 | D:6      | Found a bloodstained altar of Trog.
  4750 | D:6      | Reached skill level 8 in Long Blades
  5234 | D:6      | Reached XP level 9. HP: 60/78 MP: 8/8
  5376 | D:6      | Reached skill level 5 in Dodging
  5640 | D:7      | Learned a level 2 spell: Blink
  5651 | D:7      | Found a staircase to the Ecumenical Temple.
  5688 | Temple   | Entered the Ecumenical Temple
  5763 | Temple   | Became a worshipper of Makhleb the Destroyer
  5813 | D:7      | Reached skill level 9 in Long Blades
  5823 | D:7      | Reached skill level 1 in Invocations
  6752 | D:8      | Reached * piety under Makhleb
  7431 | D:8      | Reached skill level 10 in Long Blades
  7431 | D:8      | Reached XP level 10. HP: 53/88 MP: 10/10
  7735 | D:9      | Noticed Grum
  7750 | D:9      | Noticed Prince Ribbit
  7761 | D:8      | Killed Grum
  7908 | D:9      | Noticed a two-headed ogre
  7913 | D:9      | Killed Prince Ribbit
  7920 | D:9      | Killed a two-headed ogre
  7969 | D:9      | Reached skill level 11 in Long Blades
  7982 | D:9      | Reached ** piety under Makhleb
  8028 | D:9      | Found Iqoem's Food Emporium.
  8118 | D:9      | Noticed a two-headed ogre
  8123 | D:9      | Killed a two-headed ogre
  8141 | D:9      | Found Tattiukk's Jewellery Boutique.
  8146 | D:9      | Found Imnoyk's Food Emporium.
  8220 | D:9      | Found Hoocurip's Distillery.
  8401 | D:9      | Reached XP level 11. HP: 95/95 MP: 13/13
  8469 | D:9      | Found a glowing silver altar of Zin.
  8612 | D:9      | Reached *** piety under Makhleb
  8617 | D:10     | Entered Level 10 of the Dungeon
  8848 | D:10     | Found a staircase to the Orcish Mines.
  8895 | D:10     | Reached skill level 5 in Invocations
  8965 | D:10     | Found a hide-covered altar of Uskayaw.
  9197 | D:10     | Noticed a two-headed ogre
  9218 | D:10     | Killed a two-headed ogre
  9218 | D:10     | Reached skill level 12 in Long Blades
  9403 | D:10     | Reached **** piety under Makhleb
  9467 | D:11     | Noticed Fannar
  9489 | D:11     | Killed Fannar
  9703 | D:11     | Found a staircase to the Lair.
  9761 | D:11     | Noticed Erica
  9788 | D:11     | HP: 2/97 [something (3)]
  9793 | D:11     | Killed Erica
  9920 | D:11     | Noticed a two-headed ogre
  9921 | D:11     | Found Mesoziur's Armour Boutique.
  9926 | D:11     | Killed a two-headed ogre
 10046 | D:11     | Reached skill level 10 in Shields
 10202 | D:11     | Killed an unseen horror
 10202 | D:11     | Reached XP level 12. HP: 90/106 MP: 15/15
 10318 | D:12     | Found a glowing silver altar of Zin.
 10404 | D:12     | Reached skill level 10 in Fighting
 10404 | D:12     | Reached skill level 13 in Long Blades
 10486 | D:12     | Noticed Kokiki's ghost (journeyman GrFi)
 10546 | D:12     | Killed Kokiki's ghost
 10609 | D:12     | Reached skill level 10 in Armour
 10637 | D:12     | Noticed a five-headed hydra
 10649 | D:12     | Killed a two-headed hydra
 10659 | D:12     | Reached ***** piety under Makhleb
 10853 | D:12     | Noticed a centaur warrior
 10859 | D:12     | Killed a centaur warrior
 11135 | D:11     | Bought the +2 ratskin cloak {+Rats rPois rN+ Str-1 Int-1 Dex+1} for 389 gold pieces
 11148 | D:11     | Bought a +1 pair of gloves of strength for 231 gold pieces
 11187 | Lair:1   | Entered Level 1 of the Lair of Beasts
 11220 | Lair:1   | Noticed zkyp's ghost (journeyman GnFi)
 11245 | Lair:1   | Killed zkyp's ghost
 11286 | Lair:1   | Found a snail-covered altar of Cheibriados.
 12271 | Lair:2   | Noticed a queen ant
 12281 | Lair:2   | Killed a queen ant
 12292 | Lair:2   | Reached XP level 13. HP: 115/115 MP: 17/17
 12384 | Lair:2   | Identified a scroll of acquirement
 12397 | Lair:2   | You fall through a shaft!
 12485 | Lair:2   | Found a hole to the Spider Nest.
 12489 | Lair:2   | Reached skill level 14 in Long Blades
 12807 | Lair:3   | Got a scorched chain mail
 12818 | Lair:3   | Identified the +0 chain mail of Reason {-Tele rElec rPois Str-3} (You acquired it on level 3 of the Lair of Beasts)
 12863 | Lair:3   | Reached ****** piety under Makhleb
 13006 | Lair:3   | Reached skill level 10 in Dodging
 13028 | Lair:3   | Noticed Snorg
 13038 | Lair:3   | Killed Snorg
 13212 | Lair:3   | Found a staircase to the Shoals.
 14821 | Lair:6   | Entered Level 6 of the Lair of Beasts
 15099 | Lair:6   | Found a staircase to the Slime Pits.
 15965 | Lair:6   | Reached XP level 14. HP: 126/126 MP: 19/19
 16388 | Lair:6   | Got a glittering steel ring
 16585 | Lair:6   | Identified the ring of Amyj {rCorr rN+ MR+} (You found it on level 6 of the Lair of Beasts)
 16765 | Orc:1    | Entered Level 1 of the Orcish Mines
 16871 | Orc:1    | Found Foineuw's Assorted Antiques.
 16907 | Orc:1    | Found Luxon's Jewellery Boutique.
 16992 | Orc:1    | Found Vimeos's Assorted Antiques.
 17167 | Orc:1    | Found Xahek's Distillery.
 17265 | Orc:2    | Entered Level 2 of the Orcish Mines
 17567 | Orc:2    | Slain by an ettin

Vault maps used:
D:1:      wheals_arrival_shading, minivault_26
D:2:      first_bread
D:3:      serial_bayou_pond_d
D:6:      tgw_trog
D:7:      minmay_temple_entry_mist
D:9:      zin_statuary, serial_shops, shop, shop, shop, shop, the_bakery,
          minmay_joined_circles, uniq_grum, uniq_prince_ribbit1
D:10:     kennysheep_orc_monster_closet_entryway, basic_altar
D:11:     minmay_lair_entry_lava, serial_shops, shop, uniq_erica, uniq_fannar
D:12:     basic_altar, due_unseen_surprise
Temple:   dpeg_three_leaves_temple
Lair:1:   kennysheep_snail_temple
Lair:2:   spider_nest_entry_funnel_web, zaba_anthell
Lair:3:   minmay_shoals_entry_centaurs, serial_bayou_pond_a, grunt_megastairs_1,
          lemuel_fruit_tree, uniq_snorg
Lair:5:   grunt_forest_small_clearing_treed
Lair:6:   grunt_lair_end_beastmaster, minmay_slime_entry_pillars, minivault_11,
          minmay_lindwurm_lava
Orc:1:    serial_shops, shop_statue, nicolae_shop_crystal,
          nicolae_shop_behind_doors, nicolae_shop_stone
Orc:2:    st_orc_mages, mines4_lemuel

Skill      XL: |  1  2  3  4  5  6  7  8  9 10 11 12 13 14 |
---------------+-------------------------------------------+-----
Shields        | 4 5 6 7 8 9 10 11 12 | 12.4
Long Blades    | 3 4 5 6 8 10 11 12 13 14 | 14.9
Dodging        | 1 2 3 4 6 7 8 9 10 11 | 11.0
Fighting       | 4 5 6 8 9 10 12 | 12.3
Armour         | 4 5 6 7 8 9 10 11 12 | 12.3
Invocations    | 2 4 6 7 8 9 |  9.0

Action                   |  1- 3 |  4- 6 |  7- 9 | 10-12 | 13-15 || total
-------------------------+-------+-------+-------+-------+-------++-------
Melee: Long sword        |   100 |   159 |   371 |   410 |       ||  1040
       Headbutt          |    15 |    28 |    93 |   177 |   158 ||   471
       Scimitar          |       |       |       |   324 |   505 ||   829
  Use: Scroll            |       |       |     7 |     5 |    13 ||    25
       Potion            |       |       |       |     2 |     2 ||     4
 Stab: Distracted        |       |       |       |       |     1 ||     1
  Eat: Chunk             |     1 |     8 |    10 |    17 |    17 ||    53
       Royal jelly       |       |       |     1 |     1 |       ||     2
Armor: Scale mail        |    13 |       |       |       |       ||    13
       Plate armour      |    36 |   101 |   176 |   243 |   153 ||   709
       Chain mail        |       |       |       |       |     7 ||     7
Dodge: Dodged            |    19 |    40 |    82 |   176 |   172 ||   489
Block: Shield            |    70 |    69 |   218 |   468 |   396 ||  1221
       Reflection        |       |       |     4 |    25 |    10 ||    39
       Rpst.: Long sword |     7 |    13 |    22 |    23 |       ||    65
       Scimitar          |       |       |       |    28 |    30 ||    58
